[Event "Romanian Championship 2024"]
[Site "Eforie Nord"]
[Date "2024.02.24"]
[Round "1.13"]
[White "Antonica, Dragos-Andrei"]
[Black "Costescu, Mihnea-Constantin"]
[Result "0-1"]
[ECO "A22"]
[WhiteElo "2366"]
[BlackElo "1944"]
[Annotator "TA"]
[PlyCount "78"]
[EventDate "2024.02.24"]
[EventType "swiss"]
[EventCountry "ROU"]
[SourceTitle "playchess.com"]
[Source "ChessBase"]
[SourceQuality "1"]
[TimeControl "40/5400+30:900+30"]

1. c4 e5 2. Nc3 Nf6 3. g3 Bb4 4. Bg2 Bxc3 5. bxc3 O-O 6. e4 d6 7. Ne2 c5 8. d3 h6 9. O-O Nc6 10. h3 {[%emt 0:02:15] White is slightly better.} Rb8 11. a4 a6 12. Rb1 Bd7 13. Be3 Qa5 14. f4 Kh7 15. Qd2 Ng8 16. Ra1 Qc7 17. fxe5 Nxe5 18. Nf4 Bc6 19. Qe2 b5 20. cxb5 axb5 21. d4 cxd4 22. cxd4 Nc4 23. Bf2 Rfe8 (23... Rfc8 $16) 24. Rfc1 $18 Nf6 {[%emt 0:02:22][%cal Rc6e4] [#]} 25. axb5 $2 (25. d5 $1 $18 Bd7 26. Bd4) 25... Bxb5 $14 26. d5 (26. Nh5 $14) 26... Rb7 (26... Nd7 $11 {keeps the balance.}) 27. Rab1 (27. Qd3 $16 {Black must now prevent e5+.} g6 28. Rab1) 27... Rc8 (27... Ba6 $1 $14) 28. Bd4 ({White should play} 28. e5 $16 dxe5 29. d6 Nxd6 (29... Qxd6 $2 {is the wrong capture.} 30. Qc2+ Kh8 31. Bxb7 $18) 30. Rxc7 (30. Qxe5 Qxc1+ 31. Rxc1 Rxc1+ 32. Kh2 Rd7 $11) 30... Bxe2 31. Rbxb7 (31. Bxb7 $2 {too greedy.} Rxc7 32. Nxe2 Rxb7 $19) 31... Rxc7 32. Rxc7 exf4 33. gxf4) 28... Nd7 $11 29. Kh2 {[%emt 0:00:41][%cal Oe4e5] Threatens to win with e5!} Nde5 30. Nd3 Qd7 31. Bxe5 Nxe5 32. Rxb5 Qxb5 33. Rxc8 Qxd3 34. Qf2 {[%emt 0:00:24] [#]} (34. Qxd3 $11 Nxd3 35. Rc6) 34... Rb3 $1 $17 {[%emt 0:00:54] Black is more active.} 35. Rf8 (35. Rc7 $17 {keeps fighting.}) 35... Rc3 $19 36. Qf5+ $2 (36. Kh1) 36... Ng6 37. Rxf7 Qxg3+ {[%emt 0:00:25] Black mates.} 38. Kh1 Rc1+ 39. Bf1 Rc2 {[%emt 0:00:28] Quite a comeback for Black.   Weighted Error Value: White=0.58/Black=0.20 (precise) .  Missed win:     	White=1     	---        Mistake:       	White=6     	Black=3      Inaccurate:     	White=2     	Black=2      OK:         	White=10    	Black=9      Best:        	---       	Black=2      Strong:       	---       	Black=1} 0-1

[Event "Romanian Championship 2024"]
[Site "Eforie Nord"]
[Date "2024.02.24"]
[Round "1.14"]
[White "Armenciu, Bogdan-Ovidiu"]
[Black "David, Alexandru-Vasile"]
[Result "1/2-1/2"]
[ECO "B80"]
[WhiteElo "1936"]
[BlackElo "2360"]
[Annotator "TA"]
[PlyCount "104"]
[EventDate "2024.02.24"]
[EventType "swiss"]
[EventCountry "ROU"]
[SourceTitle "playchess.com"]
[Source "ChessBase"]
[SourceQuality "1"]
[TimeControl "40/5400+30:900+30"]

1. e4 c5 2. Nf3 d6 3. d4 cxd4 4. Nxd4 Nf6 5. Nc3 a6 6. Be3 e6 7. f3 b5 8. a3 h5 9. Qd2 Nbd7 10. a4 (10. Be2 $142) 10... bxa4 ({Besser ist} 10... b4 $11 11. Na2 d5 12. Nxb4 dxe4) 11. Nxa4 Bb7 (11... d5 $1 $14) 12. c4 $16 Be7 13. Be2 h4 14. O-O $36 {[%emt 0:01:10][%mdl 2048] Schwarz muss aufpassen.} h3 15. g4 g6 (15... Ne5 $142) 16. b4 Kf8 $2 {[%emt 0:07:57] [#]} (16... O-O $16 {ist eine bessere Verteidigung.} 17. Rfc1 Rc8) 17. c5 $1 $18 Ne5 (17... dxc5 18. bxc5) 18. g5 Ne8 {[%emt 0:02:13] [#]} 19. c6 $1 Bxc6 20. Nxc6 Nxc6 21. Qc3 Ne5 22. f4 Rc8 23. Qb2 Rh4 24. fxe5 Bxg5 25. Qd2 Bxe3+ 26. Qxe3 dxe5 27. Nc5 (27. Bxa6 $6 Rc2 28. Kh1 Qd2 29. Qxd2 Rxd2 $16) 27... Rf4 28. Rxa6 {[%emt 0:07:40] Aktives Gegenspiel!} (28. Bxa6 Rb8 29. Rab1 (29. Qxh3 Qd4+ 30. Kh1 Kg8 $16) 29... Kg7) (28. Qxh3 Qd4+ 29. Kg2 Qxb4 30. Qh8+ (30. Nxa6 $2 Qxe4+ 31. Bf3 Qc2+ 32. Kh1 Kg7 $19) 30... Ke7 31. Qxe5 (31. Bxa6 $2 Rxc5 32. Rxf4 exf4 $19) (31. Rxf4 exf4 32. Qh6 f3+ 33. Kxf3 Qc3+ 34. Qe3 Qxa1 $19) 31... Rxf1 $14 (31... Qxc5 $2 32. Qxf4 Nd6 33. Rac1 $18)) 28... Kg8 29. Rxf4 ({Minderwertig wäre} 29. Qxh3 Qd4+ 30. Kg2 Rxf1 31. Kxf1 (31. Bxf1 Qxb4 32. Nxe6 Qd2+ 33. Kh1 Rc3 $11) 31... Qxb4 $11) 29... exf4 30. Qf2 ({Viel schwächer wäre} 30. Qxh3 $6 Qd4+ 31. Kg2 Qxb4 $11) (30. Qxf4 $16 {Zielt auf e5 ab.} Qd4+ 31. Kf1) 30... e5 (30... Qg5+ $14 31. Kh1 Qe5) 31. Bf1 (31. Ra1 $16) 31... Qd1 {[%emt 0:01:43] [#]} ({Vorzuziehen ist} 31... Nf6 $1 $14) 32. Ra2 (32. Ra3 $1 $16) 32... Nf6 $1 $11 33. Rd2 Qb1 34. Rb2 Qd1 35. Qe2 Qd4+ 36. Kh1 {[%emt 0:00:20][%cal Oe2d2] Droht Qd2! und aus.} Rb8 37. Bxh3 Rxb4 38. Rxb4 Qxb4 39. Nd7 {[%emt 0:01:36] [#]} (39. Nd3 $11 Qxe4+ 40. Qxe4 Nxe4 41. Nxe5) 39... Qxe4+ $2 ({Günstiger ist} 39... Nxd7 $1 $19 40. Bxd7 f3) 40. Qxe4 {[%emt 0:00:00] Die Stellung ist ausgeglichen.} Nxe4 41. Nxe5 Kg7 42. Nd3 g5 43. Kg2 f6 44. Kf3 Nd2+ 45. Ke2 Ne4 46. Bf5 Nd6 47. Bd7 f5 48. Kf3 Kf6 49. Nb4 Ke5 50. Nc6+ Kf6 51. Nb4 Ke5 52. Nd3+ Kf6 {[%emt 0:00:07] Weiß hat ein paar 100-prozentige Torchancen vergeben.   Gewichteter Fehlerwert: Weiß=0.26 (präzise) /Schwarz=0.26 (präzise) .  Verlustzug:     	Weiß=1     	Schwarz=1     Gewinn verpasst:   	---       	Schwarz=1     Fehler:       	Weiß=4     	Schwarz=5     Ungenau:       	Weiß=1     	Schwarz=2     OK:         	Weiß=10    	Schwarz=23    Bester:       	Weiß=3     	Schwarz=1     Stark:        	---       	Schwarz=1} 1/2-1/2

[Event "Romanian Championship 2024"]
[Site "Eforie Nord"]
[Date "2024.02.24"]
[Round "1.15"]
[White "Cosma, Ioan"]
[Black "Corbu, George-Alexandru"]
[Result "1/2-1/2"]
[ECO "E05"]
[WhiteElo "2316"]
[BlackElo "1902"]
[Annotator "TA"]
[PlyCount "78"]
[EventDate "2024.02.24"]
[EventType "swiss"]
[EventCountry "ROU"]
[SourceTitle "playchess.com"]
[Source "ChessBase"]
[SourceQuality "1"]
[TimeControl "40/5400+30:900+30"]

1. Nf3 d5 2. d4 e6 3. c4 Nf6 4. g3 Be7 5. Bg2 O-O 6. O-O dxc4 7. Qc2 a6 8. a4 Bd7 9. Qxc4 Bc6 10. Nc3 b5 11. Qd3 b4 12. Nb1 Be4 13. Qd1 Nbd7 14. Bg5 c5 15. Nbd2 Bd5 {[%emt 0:05:30] Black is slightly better.} 16. Rc1 Rc8 17. b3 Bb7 (17... cxd4 $5 18. Rxc8 Qxc8 19. Nxd4 Bc5 20. Bxd5 Nxd5 $15) 18. Ne5 (18. dxc5 $15 Nxc5 19. Be3) 18... Bxg2 $17 ({Don't play} 18... cxd4 $6 19. Bxb7 Rxc1 20. Qxc1 $14) 19. Kxg2 cxd4 20. Rxc8 Qxc8 21. Nxd7 Qxd7 22. Nf3 Rd8 23. Qd3 a5 (23... Qb7 $17 {Hoping for ...e5.} 24. Rc1 h6) 24. Rc1 $11 h6 25. Bxf6 gxf6 26. Rc4 e5 27. Qe4 h5 28. Nd2 Qe6 29. Rc7 Bf8 30. Nc4 {[%emt 0:00:00][%cal Oc7a7][%mdl 1024] White has compensation.} Rd5 31. Rb7 f5 $1 32. Qh4 {[%emt 0:00:00][%cal Ob7b6] Strongly threatening Rb6!} Qg6 {[%emt 0:01:05] [#]} (32... d3 $14 33. exd3 (33. Qxh5 d2 $17) 33... f4) 33. Rb8 {[%emt 0:00:00] White has more active pieces.} (33. Rb6 $1 $16 Qg4 34. Qxg4+ fxg4 (34... hxg4 $2 {loses.} 35. Rb5 $18) 35. Rb5 Rxb5 36. axb5) 33... f6 34. Rb5 (34. Nb6 $11 Rd6 35. Nc4) 34... Qf7 ({Better is} 34... Rxb5 $17 35. axb5 a4 36. bxa4 b3) 35. Kg1 $2 (35. Rxd5 $11 {and White is okay.} Qxd5+ 36. Kg1) 35... Rxb5 $19 36. axb5 {[%emt 0:00:00] [#]} a4 37. Qh3 {[%emt 0:00:00] [#]} (37. b6 Kg7) 37... axb3 (37... a3 $142 $1 38. Qf1 Bc5) 38. Nd2 (38. Nb2 $142) 38... Bh6 39. f4 $2 (39. Nb1 {nothing else works.}) 39... Qe6 $2 {[%emt 0:00:44] Weighted Error Value: White=0.60/Black=0.33.  Loses game:     	White=1     	---        Mistake:       	White=5     	Black=5      Inaccurate:     	White=2     	Black=3      OK:         	White=6     	Black=6      Best:        	White=2     	Black=3      Strong:       	---       	Black=1      Brilliant:      	---       	Black=1} (39... exf4 40. b6 b2) 1/2-1/2

[Event "Romanian Championship 2024"]
[Site "Eforie Nord"]
[Date "2024.02.24"]
[Round "1.16"]
[White "Danila, Tudor-Gabriel"]
[Black "Cnejev, Vladimir-Alexandru"]
[Result "0-1"]
[ECO "C47"]
[WhiteElo "1901"]
[BlackElo "2311"]
[Annotator "TA"]
[PlyCount "124"]
[EventDate "2024.02.24"]
[EventType "swiss"]
[EventCountry "ROU"]
[SourceTitle "playchess.com"]
[Source "ChessBase"]
[SourceQuality "1"]
[TimeControl "40/5400+30:900+30"]

1. e4 e5 2. Nf3 Nc6 3. Nc3 Nf6 4. d4 exd4 5. Nxd4 Bb4 6. Nxc6 bxc6 7. Bd3 O-O 8. O-O d5 9. exd5 cxd5 10. h3 Rb8 11. Qf3 Rb6 12. Bf4 {[%emt 0:02:20] The position is equal.} Bb7 13. Nb5 (13. a3 $11 {remains equal.} d4 14. Ne4) 13... d4 $17 14. Qg3 Nh5 15. Bxc7 Qd5 {[%emt 0:00:08] Some like it hot} 16. Qg4 (16. c4 $2 dxc3 17. Qg4 Nf6 $19 (17... Rxb5 $2 18. Rad1 $19) (17... Qxd3 $2 18. Bxb6 Qxb5 19. bxc3 $19)) (16. Qh2 $17 {was the only chance.} Rxb5 17. Bxb5 Qxb5 18. a3) 16... Rxb5 $19 17. Bxb5 Qxb5 18. a3 Nf6 19. Qg3 {[%emt 0:00:32] White is weak on the light squares} Bd2 {[%emt 0:14:36][%cal Of8e8] This pair of bishops is nice.} 20. Be5 Nh5 21. Qh2 Qd5 {[%emt 0:01:18] Hoping for ...Rc8.} ({Stronger than} 21... Qxb2 22. Rab1 Qxc2 23. Rxb7 $18) 22. Rad1 {[%emt 0:00:57] [#]} Bf4 23. Bxf4 Nxf4 24. f3 Qf5 (24... Ne2+ $19 25. Kh1 Qc6) 25. Rfe1 Ne6 {[%emt 0:01:35] Black has more active pieces.} 26. Re2 Qb5 $36 {[%emt 0:03:20][%csl LRb2,LRe2][%mdl 2048] Black is in control.} 27. Qe5 Qxb2 28. f4 Qb6 {[%emt 0:08:44] Strongly threatening ...d3+.} 29. Kh2 Rd8 30. f5 {[%emt 0:01:25] [#]} Nf8 31. Rd3 (31. Qg3 $142) 31... Rd5 32. Qe4 (32. Qf4 {was worth a try.}) 32... Qd6+ 33. Rg3 Bc8 34. Rf2 f6 35. h4 Qe5 36. Qxe5 fxe5 (36... Rxe5 37. Rf4 $19) 37. f6 g6 38. Rb3 Kf7 39. Rb8 Rc5 40. g4 Rc7 41. g5 Bf5 42. Re2 e4 ({Less strong is} 42... Bxc2 43. Rxe5 d3 44. Rd5 $17) 43. Kg2 e3 44. Kf3 Bxc2 {[%emt 0:01:38] Threatens to win with ...Bd1.} 45. Rh2 Bf5 46. Rhb2 Nd7 47. Rh8 Ne5+ 48. Kg3 Ke6 {[%emt 0:00:10] aiming for ...d3.} 49. Re8+ Kd6 50. Rb5 Be6 {[%emt 0:02:59] And now ...d3 would win.} 51. Kf4 Nd3+ 52. Kf3 Nc5 {[%emt 0:01:40] ...Bd5+ is the strong threat.} 53. Rd8+ Ke5 54. Re8 Kf5 55. Re7 Bd5+ 56. Kg3 Ne4+ 57. Kh3 e2 58. f7 Rc3+ {[%emt 0:00:33] Black mates.} ({Weaker is} 58... e1=R 59. f8=Q+) 59. Kh2 e1=Q 60. Rxd5+ Kg4 61. Rxe4+ Qxe4 62. f8=Q Rc2+ {[%emt 0:01:48] Weighted Error Value: White=0.49/Black=0.24 (precise) .  Mistake:       	White=4     	Black=1      Inaccurate:     	White=1     	---        OK:         	White=16    	Black=20     Best:        	White=2     	Black=2} 0-1

[Event "Romanian Championship 2024"]
[Site "Eforie Nord"]
[Date "2024.02.24"]
[Round "1.17"]
[White "Ciorgovean, Iustin"]
[Black "Cruceru-Uceanu, Tudor-Mihai"]
[Result "1-0"]
[ECO "C54"]
[WhiteElo "2310"]
[BlackElo "1894"]
[Annotator "TA"]
[PlyCount "141"]
[EventDate "2024.02.24"]
[EventType "swiss"]
[EventCountry "ROU"]
[SourceTitle "playchess.com"]
[Source "ChessBase"]
[SourceQuality "1"]
[TimeControl "40/5400+30:900+30"]

1. e4 e5 2. Nf3 Nc6 3. Bc4 Bc5 4. c3 Nf6 5. d3 a6 6. a4 d6 7. O-O Ba7 8. Re1 {[%emt 0:00:17] White is slightly better.} h6 9. Nbd2 O-O 10. h3 Ne7 11. Bb3 Ng6 12. d4 Re8 13. Bc2 Be6 14. Nf1 c6 15. Ng3 Qd7 16. Be3 Kh7 17. a5 Bb8 18. dxe5 (18. Qe2 $16) 18... dxe5 $14 19. Qxd7 Nxd7 20. Red1 Bc7 21. Nd2 Rad8 22. Bb3 Ngf8 23. Bc4 g6 24. Bxe6 Nxe6 25. Nc4 f6 26. b4 Ndf8 27. Nf1 Kg7 28. f3 h5 29. Bb6 Rxd1 30. Rxd1 Rd8 31. Rxd8 Bxb6+ 32. axb6 Nxd8 $11 {[%emt 0:00:05][%mdl 4096] Endgame. KNN-KNN} 33. Nfd2 Nd7 34. Nb3 Kf8 35. g3 Ke7 36. Kf2 Ke6 37. f4 g5 (37... exf4 $11 {remains equal.} 38. gxf4 f5) 38. f5+ $16 Ke7 39. Ke2 Nf7 40. Nba5 Nd8 41. Kd3 Nf8 42. Nb3 Nd7 43. Kc2 Nf7 44. Nba5 Nd8 45. Kb2 Nf8 46. Nb3 Nd7 47. Ka3 Nf7 48. Nba5 Nd8 49. Ka4 Nb8 50. Nd2 {[%emt 0:04:26] White is more active.} Nd7 {[%emt 0:00:47] [#]} 51. Nac4 Nf7 52. Ka5 Nd8 53. Nb2 Nf7 54. c4 Nd6 55. Nd3 Nc8 $2 {[%emt 0:00:40][%mdl 8192] This costs Black the game.} (55... Kd8 $16) 56. c5 $18 Kf7 57. Nc4 Ke7 58. Ka4 Nb8 59. Na5 Kd7 60. Nxb7 Ke7 61. Nb2 Ke8 62. Nc4 Kd7 63. Nbd6 Ne7 64. Ka5 {[%emt 0:00:48] [#] b7 is the strong threat.} Ng8 65. b7 Kc7 66. Nb6 h4 67. gxh4 {[%emt 0:00:10] White threatens Na8+ and mate.} gxh4 68. Na8+ {[%emt 0:00:13] White mates.} Kd8 69. Kb6 Nh6 70. Ka7 Nd7 71. Nb6 {[%emt 0:00:18] Weighted Error Value: White=0.08 (flawless) /Black=0.26 (precise) .  Loses game:     	---       	Black=1      Mistake:       	White=1     	Black=1      Inaccurate:     	White=2     	Black=4      OK:         	White=19    	Black=18     Best:        	White=3     	---} 1-0

[Event "Romanian Championship 2024"]
[Site "Eforie Nord"]
[Date "2024.02.24"]
[Round "1.18"]
[White "Ghita, Vlad-Bogdan"]
[Black "Serban, Cristian-Stefan"]
[Result "0-1"]
[ECO "B13"]
[WhiteElo "1893"]
[BlackElo "2309"]
[Annotator "TA"]
[PlyCount "54"]
[EventDate "2024.02.24"]
[EventType "swiss"]
[EventCountry "ROU"]
[SourceTitle "playchess.com"]
[Source "ChessBase"]
[SourceQuality "1"]
[TimeControl "40/5400+30:900+30"]

1. e4 c6 2. d4 d5 3. exd5 cxd5 4. Bd3 Nc6 5. c3 Nf6 6. Bf4 Bg4 7. Qb3 Qd7 8. Nd2 e6 9. Ngf3 Bd6 10. Bg3 Bh5 11. Ne5 Qc7 12. f4 {[%emt 0:05:39] The position is equal.} Bg6 13. O-O Bxd3 14. Nxd3 Nh5 15. Qd1 Nxg3 16. hxg3 g6 17. Qf3 h5 18. Rae1 Kf8 19. Qe2 Ne7 20. Ne5 Nf5 21. Qd3 Kg7 (21... Rb8 {simplifies} 22. Ndf3 Bxe5 23. Nxe5 b5) 22. Kf2 ({White should play} 22. Ndf3) 22... h4 $17 23. g4 Ng3 24. Rg1 Bxe5 25. Rxe5 {[%emt 0:01:19] [#]} (25. fxe5 $17 Raf8 26. Re3) 25... f6 $19 26. Rxe6 (26. Re3 Qxf4+ 27. Rf3 Qxg4 28. Re1) 26... Qxf4+ 27. Nf3 Ne4+ {[%emt 0:00:46] Weighted Error Value: White=0.75/Black=0.04 (flawless) .  Mistake:       	White=3     	---        Inaccurate:     	White=2     	Black=1      OK:         	White=1     	Black=12     Best:        	---       	Black=2} 0-1

[Event "Romanian Championship 2024"]
[Site "Eforie Nord"]
[Date "2024.02.24"]
[Round "1.19"]
[White "Prisacaru, Stefan-Emilian"]
[Black "Nastase, Stefan"]
[Result "1-0"]
[ECO "E91"]
[WhiteElo "2289"]
[BlackElo "1815"]
[Annotator "TA"]
[PlyCount "65"]
[EventDate "2024.02.24"]
[EventType "swiss"]
[EventCountry "ROU"]
[SourceTitle "playchess.com"]
[Source "ChessBase"]
[SourceQuality "1"]
[TimeControl "40/5400+30:900+30"]

1. d4 Nf6 2. c4 g6 3. Nc3 Bg7 4. e4 d6 5. Nf3 O-O 6. Be2 c6 7. O-O a6 8. a4 a5 9. h3 Na6 10. Be3 Nb4 11. Ne1 Qc7 {[%emt 0:11:49] White has an edge.} 12. f4 Rd8 13. Nd3 Nxd3 ({Black should try} 13... e6 $14) 14. Bxd3 $16 e6 15. Qf3 d5 16. e5 Ne8 17. Rac1 (17. f5 $16 {fxg6 is the strong threat.} exf5 18. cxd5) 17... dxc4 $14 18. Bxc4 Qe7 19. Ne4 Rb8 (19... f5 $14) 20. Ba2 {[%emt 0:06:24] White is much more active. The black rooks are passive.} (20. g4 $1 $16) 20... b5 {[%emt 0:05:05] [#]} (20... Nc7 $14) 21. g4 (21. Rxc6 $6 Bb7 22. Rc2 Qb4 $11) ({White should play} 21. axb5 $1 Rxb5 22. Rf2 (22. Rxc6 Rxb2 23. Rf2 Rxf2 $11)) 21... bxa4 $16 22. Rf2 (22. Rxc6 Rxb2 23. Rf2 Rxf2 24. Bxf2 Bb7 $17) 22... a3 23. bxa3 (23. Rxc6 $2 axb2 (23... Rxb2 24. f5 $11) 24. Nc5 b1=Q+ $19 (24... b1=B $2 25. d5 $19) (24... b1=R+ $2 25. Bxb1 Rxb1+ 26. Rf1 $19)) 23... Qxa3 24. Rc3 ({Much weaker is} 24. Rxc6 Bb7 25. Rcc2 Rxd4 26. Bxd4 Qxf3 27. Rxf3 Bxe4 $15) (24. f5 {is more complex.} exf5 25. Ng5 Rb3 26. Nxf7 Kxf7 27. gxf5 Bxf5 28. Qxc6 Kf8 29. Qc4) 24... Qe7 {[%emt 0:02:28] [#] This costs Black the game.} (24... Qb4 $16 {was worth a try.}) 25. f5 $1 $18 (25. Rxc6 Bb7 26. Rc5 f5 27. exf6 Nxf6 28. Nxf6+ Bxf6 $11) 25... Qc7 $2 (25... exf5 {is more resistant.} 26. Ng5 (26. Bg5 Qc7 $16) 26... Rxd4 27. Bxf7+ (27. Bxd4 Qxg5 28. Rxc6 Qe7 $14) 27... Kh8) 26. fxe6 Bxe6 27. Bxe6 fxe6 {[%emt 0:00:09] [#]} 28. Rxc6 $3 Rb1+ (28... Qa7 29. Nc5) 29. Kg2 Qb7 (29... Qd7 30. Nc5 Qd5 31. Nxe6 Qxf3+ 32. Rxf3 Ra8 33. Nxg7 Nxg7) 30. Nc5 Qb4 31. Nxe6 {[%emt 0:00:42] White mates.} Rd7 32. Rc8 Qe7 33. Qa8 {[%emt 0:01:12][%csl LRa5,LRe8] Weighted Error Value: White=0.32/Black=0.81.  Loses game:     	---       	Black=1      Mistake:       	White=3     	Black=4      Inaccurate:     	---       	Black=2      OK:         	White=6     	Black=5      Best:        	---       	Black=1      Strong:       	White=1     	---} 1-0

[Event "Romanian Championship 2024"]
[Site "Eforie Nord"]
[Date "2024.02.24"]
[Round "1.20"]
[White "Constantinoiu, Alexandru Ioan"]
[Black "Antal, Hunor-Zoltan"]
[Result "0-1"]
[ECO "B32"]
[WhiteElo "1754"]
[BlackElo "2272"]
[Annotator "TA"]
[PlyCount "200"]
[EventDate "2024.02.24"]
[EventType "swiss"]
[EventCountry "ROU"]
[SourceTitle "playchess.com"]
[Source "ChessBase"]
[SourceQuality "1"]
[TimeControl "40/5400+30:900+30"]

1. e4 c5 2. Nf3 Nc6 3. d4 cxd4 4. Nxd4 e5 5. Nb5 d6 6. N1c3 a6 7. Na3 Be6 8. Be2 Be7 9. O-O Rc8 10. Be3 {[%emt 0:03:18] Die Stellung ist ausgeglichen.} Nf6 11. Nc4 $1 Nd4 12. Bxd4 Bxc4 13. Bxc4 Rxc4 14. Be3 h6 15. f3 O-O 16. a4 Qa5 17. Qd2 Rfc8 18. Rfd1 (18. Nd5 {wäre vielleicht verwirrender.} Qxd2 19. Nxe7+ Kf8 20. Bxd2 Kxe7 21. c3) 18... Qb4 19. Ra3 Qxb2 20. Rb3 Qxc3 21. Rxc3 (21. Rxb7 $2 {ist das falsche Schlagen.} Bf8 22. Qxc3 Rxc3 $19) 21... Rxc3 22. Rc1 d5 23. exd5 Ba3 24. Re1 Rxc2 25. Qd3 R2c3 26. Qd2 (26. Qf5 $1 $11) 26... Bc1 {[%emt 0:06:51] Schwarz steht aktiver.} (26... e4 $15 27. Qa2 R8c4) 27. Qf2 $11 Nxd5 28. Bxc1 Rxc1 29. Qd2 {[%emt 0:00:00][%csl LRc1,LRd5] Lässt Nf4 nicht zu} Rxe1+ 30. Qxe1 {[%emt 0:00:00][%mdl 4096] Endspiel. KQ-KRN} Nf4 31. Qd2 {[%emt 0:00:00] Gegen Nd3 gerichtet.} b5 32. axb5 axb5 33. g3 Ne6 34. Qb4 Rc1+ 35. Kg2 Rc2+ 36. Kf1 Rc5 ({Viel schwächer ist} 36... Rxh2 37. Qxb5 Rh5 38. Qe8+ Nf8 39. Kg2 $17) 37. Kg2 g6 38. h4 h5 39. Kf2 Rc2+ 40. Kf1 Rc5 (40... Rc1+ $15 41. Kg2 Rc2+ 42. Kf1 Nd4) 41. Kf2 Kg7 42. Ke3 Kf6 43. Kd3 Rd5+ 44. Ke3 Nd4 45. Kf2 Rd8 46. Qc5 Ke6 47. Qb6+ Rd6 48. Qb8 Rc6 49. Qe8+ Kf6 50. f4 Re6 51. fxe5+ Kxe5 52. Qb8+ Kd5 $1 53. Qa8+ Nc6 54. Qa2+ Kc5 55. Qb3 {[%emt 0:00:55] [#]} ({Besser ist} 55. Qc2+ $15 Kb6 56. Qa2) 55... Re2+ 56. Kf1 $1 $15 Re5 57. Kf2 (57. Qc2+ $15 Kb6 58. Qf2+ Rc5 59. Ke1) 57... b4 $17 58. Qc2+ Kb6 $1 59. Qc4 (59. Qa2 $1 $15) 59... Rc5 60. Qb3 Rf5+ ({Vorzuziehen ist} 60... Kb5 $1 $17 {Droht stark ...Nd4.} 61. Ke1 Rf5) 61. Ke1 $1 $11 Kb5 62. Qd3+ Kc5 {[%emt 0:00:13] Zielt auf ...Re5+ ab.} 63. Qe3+ Nd4 {[%emt 0:00:27] Und ...Rf3 würde nun gewinnen.} 64. Kd2 Kd5 65. Qe7 Rf2+ 66. Kc1 (66. Kd3 $15 Nc6 67. Qe4+ Kd6 68. Kc4) 66... b3 (66... Kc4 $17 67. Qe3 Re2) 67. Qb7+ Kc4 68. Qa6+ (68. Kb1 $17) 68... Kc3 $19 {[%emt 0:00:15] Weiss muss nun ...Rc2+ beachten.} 69. Qa5+ (69. Qc8+ $17 Kd3 70. Qa6+ Ke3 71. Qb6) 69... Kd3 70. Qa6+ Ke3 71. Kb1 (71. Qb6 {ist eine bessere Verteidigung.}) 71... b2 $2 ({Günstiger ist} 71... Nf3 $1 $19 {( -> ...Ra2)} 72. Qb6+ Ke2 (72... Nd4 73. Qa7 $11)) 72. Qb6 Kd3 73. Qa6+ Ke3 74. Qb6 Rd2 75. Qc5 (75. Qa7 $11) 75... Kf3 (75... Kf2 $15) 76. Qc3+ Ke2 77. Qc4+ Ke1 {[%emt 0:00:29] ...f5 ist eine echte Drohung.} 78. Qc3 $2 (78. Qxf7 $11 Ne2 79. Qf6) 78... f5 79. Qe3+ {[%emt 0:00:22] [#]} Ne2 $1 80. Qf3 Nd4 $2 (80... Rd1+ $19 81. Kxb2 Rd4) 81. Qe3+ $11 Kd1 82. Qf4 {[%emt 0:00:41] [#]} (82. Qa3 $11) 82... Ke2 $1 $17 83. Qe5+ (83. Qd6 $1 $11) 83... Kf2 {[%emt 0:00:07] Und jetzt ...Ne2 wäre schön.} 84. Qf4+ $2 {[%emt 0:00:30][%mdl 8192] Ein Fehler, der zur Niederlage führt.} (84. Qc5 $17) 84... Nf3 $19 85. Qc7 Kg2 {[%emt 0:00:21] Droht ...Rd4 und aus.} 86. Qf4 $2 (86. Qc6 Rf2 (86... Kxg3 87. Qxg6+ Kxh4 88. Qxf5 $11) 87. Qxg6) 86... Rf2 87. Qc7 Nd2+ 88. Kxb2 Ne4+ (88... Nf1+ $142 89. Kb3 Nxg3 90. Qc6+ Kh3) 89. Kc1 Nxg3 90. Qc6+ Kh2 91. Qxg6 f4 {[%emt 0:00:03] Schwarz setzt Matt.} 92. Kd1 f3 93. Qf7 Rf1+ 94. Kd2 f2 95. Qf3 {[%emt 0:00:58] [#]} Rd1+ $3 96. Ke3 (96. Qxd1 f1=Q) 96... f1=Q 97. Qg2+ Qxg2 98. Kf4 Rd5 99. Ke3 Qe4+ 100. Kf2 Rd2# {[%emt 0:00:03] Gewichteter Fehlerwert: Weiß=0.12 (sehr präzise) /Schwarz=0.11 (sehr präzise) .  Verlustzug:     	Weiß=2     	---        Gewinn verpasst:   	---       	Schwarz=1     Fehler:       	Weiß=12    	Schwarz=6     Ungenau:       	Weiß=4     	Schwarz=2     OK:         	Weiß=27    	Schwarz=24    Bester:       	Weiß=5     	Schwarz=10    Stark:        	Weiß=3     	Schwarz=3} 0-1